 Dungeon Crawl Stone Soup version 0.27-a0-681-g0c81a3c1c3 (webtiles) character file.

Game seed: 13684600193863318066

0 tilp the Insei (level 1, -1/13 HPs)
             Began as an Octopode Transmuter on Mar 19, 2021.
             Slain by a hobgoblin
             ... wielding a +0 club
              (5 damage)
             ... on level 1 of the Dungeon.
             The game lasted 00:00:06 (48 turns).

tilp the Insei (Octopode Transmuter)                  Turns: 48, Time: 00:00:06

Health: -1/13      AC:  1    Str:  9    XL:     1   Next: 10%
Magic:  2/3        EV: 13    Int: 15    God:
Gold:   0          SH:  0    Dex: 12    Spells: 3/4 levels left

rFire    . . .     SeeInvis .     - Unarmed
rCold    . . .     Faith    .   (no shield)
rNeg     . . .     Spirit   .   (helmet currently unavailable)
rPois    .         Reflect  .   (no amulet)
rElec    .         Harm     .   (no ring)
rCorr    .         Rampage  .   (no ring)
Will     .....                  (no ring)
Stlth    ++........             (no ring)
HPRegen  0.04/turn              (no ring)
MPRegen  0.08/turn              (no ring)
                                (no ring)
                                (no ring)

@: appendages
A: tentacle spike 3, almost no armour, amphibious, 8 rings, camouflage 1,
gelatinous body 1, nimble swimmer 1, tentacles
a: End Transformation


You were on level 1 of the Dungeon.
One of your tentacles had grown a beastly spike.
You visited 1 branch of the dungeon, and saw 1 of its levels.

You aren't carrying anything.


   Skills:
 - Level 1.0 Fighting
 - Level 2.0 Dodging
 + Level 0.4 Stealth
 - Level 3.0 Unarmed Combat
 - Level 2.0 Spellcasting
 - Level 2.0 Transmutations


You had 3 spell levels left.
You knew the following spells:

 Your Spells              Type           Power      Damage    Failure   Level
a - Beastly Appendage     Tmut           14%        N/A       10%         1

Your spell library contained the following spells:

 Spells                   Type           Power      Damage    Failure   Level
 Wereblood                Tmut           7%         N/A       14%         2
 Spider Form              Tmut/Pois      2%         N/A       41%         3
 Ice Form                 Ice/Tmut       4%         N/A       82%         4
 Blade Hands              Tmut           3%         N/A       95%         5


Dungeon Overview and Level Annotations

Branches:
Dungeon (1/15)

Altars:


Innate Abilities, Weirdness & Mutations

One of your tentacles has grown a beastly spike.
You cannot wear most types of armour.
You are amphibious.
You can wear up to eight rings at the same time.
Your skin changes colour to match your surroundings (Stealth+).
Your rubbery body absorbs attacks. (AC +1, EV +1)
You are stealthy while swimming. (Stealth+)
You have tentacles for arms and can constrict up to eight enemies at once.


Message History

Welcome, tilp the Octopode Transmuter.
The bosom of this dungeon contains the fabulous artefact, the Orb of Zot.
Press ? for a list of commands and other information.
Found a staircase leading out of the dungeon.
A rat comes into view.
A bat, a goblin and a hobgoblin come into view.
The rat bites you.
You tentacle-slap the rat.
You kill the rat!
The bat hits you.
You closely miss the bat. Your grab misses the bat. The bat closely misses you.
The bat closely misses you. The bat hits you but does no damage.
The hobgoblin hits you with a +0 club!
Ouch! That really hurt!
* * * LOW HITPOINT WARNING * * *
You see here a rat corpse.
Unknown command.
The bat barely misses you.
Casting: Beastly Appendage (safe; 10% risk of failure)
Confirm with . or Enter, or press ? or * to list all spells.
One of your tentacles grows a vicious spike.
The hobgoblin hits you with a +0 club.
You die...

#..# #.##
#####.########
#............#
#.##########.#
#..........#
#..#.......#
#..#.......#
#..#@#####.#
#..#g#.....#
#..#b†.....#
#..#.#...#.#
#..#.###.# #..
g. ### ##


You could see a hobgoblin and a bat.

Vanquished Creatures
  A rat (D:1)
1 creature vanquished.

Notes
Turn   | Place    | Note
-------+----------+-------------------------------------------
     0 | D:1      | tilp the Octopode Transmuter began the quest for the Orb.
     0 | D:1      | Reached XP level 1. HP: 13/13 MP: 3/3
    48 | D:1      | Slain by a hobgoblin

Illustrated notes

Levels and vault maps discovered:
D:1:      scummos_arrival_hexagon, layout_basic

Action                   || total
-------------------------++-------
Melee: Unarmed           ||     2
 Cast: Beastly Appendage ||     1
Armor: Skin              ||     1
Dodge: Dodged            ||     3

Table legend: (Time is in decaauts)
 A = Elapsed time spent in this place.
 B = Non-inter-level travel time spent in this place.
 C = Inter-level travel time spent in this place.
 D = Time resting spent in this place.
 E = Time spent auto-exploring this place.
 F = Levels seen in this place.
 G = Mean time per level.
                   A        B        C        D        E       F      G
               +--------+--------+--------+--------+--------+-----+--------+
         Total |     47 |     47 |      0 |      0 |     41 |   1 |   47.0 |
       Dungeon |     47 |     47 |      0 |      0 |     41 |   1 |   47.0 |
               +--------+--------+--------+--------+--------+-----+--------+

Top non-repeatable levels by time:
     D:1: 47 daAuts
